 Dungeon Crawl Stone Soup version 0.26.1-10-gdfb7c7de75 (webtiles) character file.

Game seed: 1779659673005073138

2114 Riddle the Covert (level 9, -7/70 HPs)
             Began as a Merfolk Gladiator on Apr 1, 2021.
             Was a Follower of Uskayaw.
             Mangled by Prince Ribbit (12 damage)
             ... on level 6 of the Dungeon.
             The game lasted 00:11:43 (8929 turns).

Riddle the Covert (Merfolk Gladiator)               Turns: 8929, Time: 00:11:43

Health: -7/70      AC: 10    Str: 14    XL:     9   Next: 29%
Magic:  9/9        EV: 14    Int:  7    God:    Uskayaw [*.....]
Gold:   481        SH:  0    Dex: 19    Spells: 8/8 levels left

rFire    . . .     SeeInvis .   o - +1 dagger (drain)
rCold    + . .     Faith    .   (no shield)
rNeg     . . .     Spirit   .   z - +3 scale mail {rC+}
rPois    +         Reflect  .   c - +0 helmet
rElec    .         Harm     .   (no cloak)
rCorr    +         Rampage  .   (no gloves)
Will     .....                  (no boots)
Stlth    +++.......             (no amulet)
HPRegen  0.21/turn              u - ring of poison resistance
MPRegen  0.11/turn              x - ring of resist corrosion

@: attractive
A: change form in water, swift swim, stealthy swim
a: Renounce Religion, Stomp


You were on level 6 of the Dungeon.
You worshipped Uskayaw.
Uskayaw was noncommittal.
You visited 2 branches of the dungeon, and saw 7 of its levels.
You also visited: Sewer.

You collected 481 gold pieces.

Inventory:

Hand Weapons
 o - a +1 dagger of draining (weapon)
 w - a +2 dagger of flaming
Missiles
 d - 3 throwing nets (quivered)
Armour
 c - a +0 helmet (worn)
 z - a +3 scale mail of cold resistance (worn)
 A - a scarf of harm
Jewellery
 u - a ring of poison resistance (left hand)
 x - a ring of resist corrosion (right hand)
Wands
 t - a wand of polymorph (4)
 y - a wand of paralysis (10)
Scrolls
 a - a scroll of brand weapon {unknown}
 e - 2 scrolls of remove curse
 f - 5 scrolls of teleportation
 j - 9 scrolls of identify
 m - 2 scrolls of amnesia {unknown}
 n - a scroll of magic mapping {unknown}
 r - a scroll of enchant weapon {unknown}
 v - a scroll of fear {unknown}
 B - 2 scrolls of noise {unknown}
 C - a scroll of summoning {unknown}
Potions
 b - a potion of magic {unknown}
 g - 2 potions of haste
 h - a potion of berserk rage {unknown}
 i - 5 potions of lignification {unknown}
 k - a potion of cancellation {unknown}
 l - 4 potions of attraction
 p - a potion of ambrosia {unknown}
 q - 2 potions of brilliance {unknown}
 s - 5 potions of heal wounds {unknown}
 D - a potion of flight {unknown}


   Skills:
 + Level 6.3 Fighting
 + Level 7.4 Short Blades
 - Level 2.0 Throwing
 + Level 8.0 Dodging
 * Level 8.9 Stealth


You had 8 spell levels left.
You didn't know any spells.
Your spell library contained the following spells:

 Spells                   Type           Power        Failure   Level
 Summon Demon             Summ           0%           100%        5
 Summon Forest            Summ/Tloc      0%           100%        5
 Summon Mana Viper        Hex/Summ       0%           100%        5
 Shadow Creatures         Summ           N/A          100%        6
 Summon Hydra             Summ           0%           100%        7


Dungeon Overview and Level Annotations

Branches:
Dungeon (6/15)             Temple (1/1) D:6           Sewer (visited)

Altars:
Ashenzari
Elyvilon
Fedhas
Gozag
Hepliaklqana
Kikubaaqudgha
Makhleb
Ru
Uskayaw
Vehumet
Wu Jian

Annotations:
D:6 Prince Ribbit


Message History

Prince Ribbit blinks!
Unknown command.
The steam dragon breathes steam at you. The ball of steam misses you.
Unknown command.
You are engulfed in a cloud of scalding steam.
Prince Ribbit asks, "Just a little smooch?"
Prince Ribbit is engulfed in a cloud of scalding steam.
Prince Ribbit hits you! Prince Ribbit closely misses you.
Prince Ribbit misses you. Prince Ribbit hits you.
* * * LOW HITPOINT WARNING * * *
Prince Ribbit hits you!
* * * LOW HITPOINT WARNING * * *
It was a potion of attraction.
You feel attractive to monsters.
Prince Ribbit hops awkwardly around.
Prince Ribbit hits you!
You die...

....##.##....#...##............##
....#........##..................
P..###...#.###...##.#............
.P.# ##..#####...####............
PP.#####..###.....###............
PP.............#.................
P..............#.................
......(.##.....##.##.............
.......######.##@†.##............
....####≈≈§≈###.F...#.....##.#...
...##≈§D....§##..8.≈# ... ####..
#..#§§§.§#....#...≈≈# #..
#..#≈§8..##.....≈≈≈##
####.....###≈≈≈≈#### ##...##
###### ##D## .§.


You could see Prince Ribbit.

Vanquished Creatures
  Sigmund (D:6)
  A steam dragon (D:6)
  A water moccasin (Sewer)
  Edmund (D:5)
  An ice beast (D:5)
  A sky beast (D:6)
  Duvessa (D:5)
  An ogre (D:4)
  A centaur (D:6)
  2 bullfrogs (D:6)
  Dowan (D:5)
  2 scorpions (D:4)
  A howler monkey (D:3)
  A crimson imp (D:2)
  A centaur skeleton (D:5)
  3 hounds
  4 orc wizards
  2 orc priests
  3 iguanas
  4 worker ants
  A hound zombie (D:5)
  Robin (D:4)
  3 gnolls
  A howler monkey skeleton (D:5)
  7 adders
  2 river rats (D:4)
  A white imp (D:5)
  An ufetubus (D:6)
  An ooze (D:4)
  9 worms
  3 dart slugs
  7 leopard geckos
  10 orcs
  12 bats
  7 giant cockroaches
  12 goblins
  15 hobgoblins
  6 jackals
  2 quokkas
  A ball python (D:4)
  5 frilled lizards
  11 kobolds
  A leopard gecko zombie (D:5)
  8 rats
160 creatures vanquished.

Vanquished Creatures (others)
  A human (D:2)
  A bush (D:6)
  6 plants (D:5)
8 creatures vanquished.

Grand Total: 168 creatures vanquished

Notes
Turn   | Place    | Note
-------+----------+-------------------------------------------
     0 | D:1      | Riddle the Merfolk Gladiator began the quest for the Orb.
     0 | D:1      | Reached XP level 1. HP: 16/16 MP: 1/1
   202 | D:1      | Reached XP level 2. HP: 11/23 MP: 2/2
   634 | D:1      | Reached skill level 1 in Stealth
  1126 | D:1      | Reached XP level 3. HP: 28/28 MP: 3/3
  2356 | D:2      | Found a faded altar of an unknown god.
  2389 | D:2      | Reached XP level 4. HP: 31/35 MP: 4/4
  2606 | D:2      | Found a burning altar of Makhleb.
  2868 | D:2      | Reached XP level 5. HP: 38/41 MP: 5/5
  2986 | D:2      | Found an ancient bone altar of Kikubaaqudgha.
  2987 | D:2      | Noticed a human
  2989 | D:2      | Killed a human
  4349 | D:4      | Found a glowing drain.
  4374 | Sewer    | Entered a sewer
  4386 | Sewer    | Reached skill level 5 in Dodging
  4410 | Sewer    | Noticed a water moccasin
  4437 | Sewer    | Killed a water moccasin
  4438 | Sewer    | Reached skill level 5 in Short Blades
  4438 | Sewer    | Reached XP level 6. HP: 33/48 MP: 6/6
  4967 | D:4      | Reached XP level 7. HP: 50/54 MP: 7/7
  4992 | D:4      | Reached skill level 5 in Stealth
  6069 | D:4      | Noticed Robin
  6266 | D:4      | Killed Robin
  6267 | D:4      | Reached XP level 8. HP: 39/61 MP: 8/8
  6552 | D:5      | Entered Level 5 of the Dungeon
  6750 | D:5      | Reached skill level 5 in Fighting
  6915 | D:5      | Noticed Edmund
  6945 | D:5      | Killed Edmund
  7175 | D:5      | Noticed Dowan
  7176 | D:5      | Noticed Duvessa
  7279 | D:5      | Killed Duvessa
  8089 | D:5      | Killed Dowan
  8256 | D:6      | Found a blossoming altar of Fedhas.
  8502 | D:6      | Found a staircase to the Ecumenical Temple.
  8528 | Temple   | Entered the Ecumenical Temple
  8544 | Temple   | Became a worshipper of Uskayaw the Reveller
  8584 | D:6      | Noticed Sigmund
  8594 | D:6      | Reached * piety under Uskayaw
  8596 | D:6      | Reached ** piety under Uskayaw
  8603 | D:6      | Reached *** piety under Uskayaw
  8604 | D:6      | Killed Sigmund
  8605 | D:6      | Reached XP level 9. HP: 67/69 MP: 9/9
  8729 | D:6      | Found an ornate altar of the Wu Jian Council.
  8910 | D:6      | Noticed Prince Ribbit
  8929 | D:6      | Mangled by Prince Ribbit

Illustrated notes

Levels and vault maps discovered:
D:1:      tarquinn_simple_flora_water_b, layout_basic, serial_aquarium,
          aquarium_bridge_square [aquarium_subvault_window,
          aquarium_subvault_wall, aquarium_subvault_bridge,
          aquarium_subvault_window], aquarium_bridge_island_small
          [aquarium_subvault_small_open, aquarium_subvault_bridge,
          aquarium_subvault_wall, aquarium_subvault_bridge,
          aquarium_subvault_bridge], aquarium_window_1, aquarium_window_2,
          aquarium_view_2d, aquarium_view_2a
D:2:      layout_loops_ring, makhleb_grotto_becter,
          chequers_ecumenical_altar_twisty, tgw_kikubaaqudgha
D:3:      wad_crossroads, layout_basic
D:4:      layout_cave_pools, portal_sewer_entry_a, kennysheep_generic_room_6,
          uniq_robin
D:5:      layout_basic, serial_bayou_pond_c, uniq_edmund, uniq_duvessa
D:6:      cheibrodos_steamvent, layout_cave_pools, temple_green, basic_altar,
          fedhas_bush_and_centaur_altar, uniq_crazy_yiuf_cottage, uniq_sigmund,
          uniq_prince_ribbit1
Temple:   nicolae_temple_the_god_donut

Skill      XL: |  1  2  3  4  5  6  7  8  9 |
---------------+----------------------------+-----
Stealth        | 1 2 4 6 8 |  8.9
Short Blades   | 4 5 6 7 |  7.4
Fighting       | 3 4 6 |  6.3
Dodging        | 5 6 7 8 |  8.0
Throwing       | |  2.0

Action                   |  1- 3 |  4- 6 |  7- 9 || total
-------------------------+-------+-------+-------++-------
Melee: Rapier            |   115 |    46 |       ||   161
       Tailslap          |       |     4 |       ||     4
       Dagger            |       |   194 |   567 ||   761
  Use: Scroll            |       |     2 |     2 ||     4
       Potion            |       |       |     1 ||     1
 Stab: Sleeping          |     4 |     9 |     1 ||    14
       Distracted        |       |       |     1 ||     1
       Paralysed         |       |       |     1 ||     1
Armor: Leather armour    |    26 |    39 |    50 ||   115
       Scale mail        |       |       |    63 ||    63
Dodge: Dodged            |    57 |   171 |   297 ||   525
